 Dungeon Crawl Stone Soup version 0.23.0 (webtiles) character file.

Game seed: 11767942501235408913

4440 Monsterracer the Martial Artist (level 10, -3/63 HPs)
             Began as a Kobold Artificer on Feb 18, 2019.
             Was a Believer of Dithmenos.
             Slain by an orc warlord
             ... wielding a +1 broad axe of chopping
              (4 damage)
             ... in a bailey.
             The game lasted 00:21:50 (14286 turns).

Monsterracer the Martial Artist (Kobold Artificer) Turns: 14286, Time: 00:21:51

Health: -3/63      AC: 12    Str: 16    XL:     10   Next: 63%
Magic:  14/14      EV: 16    Int: 13    God:    Dithmenos [**....]
Gold:   332        SH:  0    Dex: 15    Spells: 9/9 levels left

rFire    + . .     SeeInvis .     - Unarmed
rCold    . . .     Gourm    .   (shield restricted)
rNeg     + . .     Faith    .   B - +2 scale mail {MR+}
rPois    .         Spirit   .   g - +0 helmet
rElec    .         Reflect  .   y - +1 cloak of Polytheism {rF+ Regen+ Str+3 Slay+5}
rCorr    .         Harm     .   j - +0 pair of gloves
MR       +....                  (no boots)
Stlth    ++........             i - amulet of rage
HPRegen  0.60/turn              o - ring of positive energy
MPRegen  0.14/turn              (no ring)

@: berserk cooldown, slowed, wreathed by umbra, very slow
A: small, carnivore
a: Shadow Step, Renounce Religion, Evoke Berserk Rage


You were in a bailey.
You worshipped Dithmenos.
Dithmenos was pleased with you.
You were very full.

You visited 2 branches of the dungeon, and saw 8 of its levels.
You also visited: Bailey.

You collected 332 gold pieces.

Inventory:

Hand Weapons
 b - a +0 dagger of venom
 x - a +2 dagger of holy wrath
Armour
 g - a +0 helmet (worn)
 j - a +0 pair of gloves (worn)
 n - a +1 ring mail of poison resistance
 s - a +2 robe of magic resistance
 w - a +0 cloak
 y - the +1 cloak of Polytheism (worn) {rF+ Regen+ Str+3 Slay+5}
   (You acquired it in a bailey)

   It affects your strength (+3).
   It affects your accuracy and damage with ranged weapons and melee attacks
   (+5).
   It protects you from fire.
   It increases your rate of regeneration.
 B - a +2 scale mail of magic resistance (worn)
Jewellery
 i - an amulet of rage (around neck)
 o - a ring of positive energy (left hand)
Wands
 l - a wand of enslavement (1)
 q - a wand of iceblast (10)
 t - a wand of paralysis (5)
Scrolls
 f - a scroll of enchant armour {unknown}
 m - a scroll of magic mapping
 p - a scroll of enchant weapon
 r - 3 scrolls of remove curse
 u - a scroll of immolation {!r}
Potions
 a - a potion of mutation {!q}
 d - a potion of heal wounds
 e - 3 potions of curing
 h - 3 potions of flight
 k - a potion of cancellation
 v - a potion of magic
 z - a potion of brilliance
 C - 2 potions of resistance
Comestibles
 c - 7 rations


   Skills:
 + Level 7.4 Fighting
 - Level 1.3 Short Blades
 - Level 0.5 Armour
 + Level 7.2 Dodging
 + Level 5.2 Stealth
 * Level 10.2 Unarmed Combat
 + Level 6.5 Evocations


You had 9 spell levels left.
You didn't know any spells.
Your spell library contained the following spells:

 Spells                   Type           Power        Failure   Level  Hunger
 Corona                   Hex            #......      75%         1    ##.....
 Slow                     Hex            #.......     87%         2    ###....
 Inner Flame              Hex/Fire       #.......     98%         3    ####...
 Portal Projectile        Hex/Tloc       #.....       98%         3    ####...
 Cause Fear               Hex            #.........   100%        4    #####..
 Leda's Liquefaction      Hex/Erth       #.........   100%        4    #####..


Dungeon Overview and Level Annotations

Branches:
Dungeon (7/15)             Temple (1/1) D:5

Altars:
Dithmenos
Fedhas
Okawaru
Uskayaw
Vehumet
Wu Jian
The Shining One

Annotations:
D:4 Edmund


Innate Abilities, Weirdness & Mutations

You are small and have problems with some larger weapons.
You are carnivorous and can eat meat at any time.


Message History

The orc knight is almost dead.
The orc knight hits you but does no damage.
You punch the orc knight!
You kill the orc knight!
Dithmenos accepts your kill.
Your Dodging skill increases to level 7!
Your Unarmed Combat skill increases to level 10!
You are no longer berserk.
You are exhausted.
You feel yourself slow down.
You now have 36/63 hp.
You close the door, pushing everything out of the way.
You start resting.
Eating a chunk of flesh.
You eat the chunk of flesh.
This raw flesh tastes great.
You feel yourself speed up.
You regained 20 hp, and now have 57/63 hp.
You start resting.
HP restored.
Health restored: 63 You start waiting.
You recover from your berserk rage.
You open the door.
A goblin comes into view. It is wielding a +0 hand axe.
There is an open door, spattered with blood here.
The goblin shouts!
Things that are here:
a +0 war axe; a +2 chain mail of cold resistance; 112 gold pieces
Items here: )) [[ † a cursed -3 war axe; a +0 scale mail; a +0 war axe; a +0 chain mail an orc corpse A hobgoblin comes into view.
It is wielding a +0 war axe.
An orc knight comes into view. It is wielding a +0 broad axe.
The goblin closely misses you.
There is an open door, spattered with blood here.
You hit the goblin.
You kill the goblin!
Dithmenos accepts your kill.
Things that are here:
a +0 hand axe; a +0 leather armour; a cursed -2 battleaxe The orc knight roars a battlecry!
There is an open door, spattered with blood here.
Items here: )) [[ † a cursed -3 war axe; a +0 scale mail; a +0 war axe; a +0 chain mail an orc corpse You punch the hobgoblin!
You kill the hobgoblin!
Dithmenos accepts your kill.
No target in view!
No target in view!
The orc knight barely misses you.
Items here: ))) [[[ † You fail to use your ability.
The orc knight closely misses you.
A red film seems to cover your vision as you go berserk!
You feel yourself moving faster!
You feel mighty!
You feel a lot less full.
You now have 94/94 hp.
You pummel the orc knight!!
The orc knight is heavily wounded.
The orc knight hits you with a +0 broad axe!
You take 8 damage, and have 86/94 hp.
You pummel the orc knight!!
The orc knight is severely wounded.
You punch the orc knight! You punch the orc knight.
You kill the orc knight!
Dithmenos accepts your kill.
Your Stealth skill increases to level 5!
You start resting.
You feel a strong urge to attack something.
Unknown command.
You start resting.
You feel your anger nearly subside.
You are no longer berserk.
You are exhausted.
You feel yourself slow down.
You now have 59/63 hp.
You start resting.
HP restored.
Health restored: 63 You start waiting.
An orc warlord comes into view.
It is wielding a +1 broad axe of chopping.
Unknown command.
An orc warlord is nearby!
The orc warlord hits you with a +1 broad axe of chopping!
You take 9 damage, and have 54/63 hp.
A hobgoblin comes into view. It is wielding a +0 hand axe.
The orc warlord hits you with a +1 broad axe of chopping!
You take 10 damage, and have 46/63 hp.
The orc warlord hits you with a +1 broad axe of chopping!!
* * * LOW HITPOINT WARNING * * *
* * * LOW HITPOINT WARNING * * *
You hear a shout!
You take 18 damage, and have 29/63 hp.
MASSIVE DAMAGE!!
There is an open door, spattered with blood here.
Items here: ))))))))) [[[[[[[[[ Unknown command.
Unknown command.
Okay, then.
You fail to use your ability.
The hobgoblin hits you but does no damage.
The orc warlord hits you with a +1 broad axe of chopping!!
* * * LOW HITPOINT WARNING * * *
You die...

..#.......#.))......#
..##88.88##.........##
...###o###.....⌠.....#
..###...###....)....##
..#... .. #.........#
.##.. ##.......##
.#... #.......# ##
##..)o.## # ####@## ##
##..g))## .# #.......#
.## ##.......## ..#
#.........# ..##
##.........#
...#######.....⌠.....#
..##.....##.........##
..#.......#.........#


You could see an orc warlord and a hobgoblin.

Vanquished Creatures
  3 orc knights (Bailey)
  Grinder (D:4)
  Sigmund (D:4)
  Eustachio (D:4)
  2 sky beasts
  14 orc warriors
  An ice beast (D:5)
  A centaur (D:6)
  An ogre (D:7)
  2 scorpions
  3 wights (D:6)
  A gnoll shaman (D:3)
  An orc priest (D:6)
  A hound (D:5)
  5 orc wizards
  Jessica (D:3)
  3 worker ants
  A howler monkey zombie (D:5)
  12 gnolls
  6 adders
  2 oozes (D:3)
  An adder zombie (D:6)
  An adder skeleton (D:4)
  A worm (D:2)
  A dart slug (D:5)
  A leopard gecko (D:3)
  36 orcs
  3 ball pythons
  5 giant cockroaches
  22 goblins
  14 hobgoblins
  7 jackals
  2 quokkas
  8 bats
  4 frilled lizards
  A jackal skeleton (D:6)
  9 kobolds
  A leopard gecko skeleton (D:6)
  A leopard gecko zombie (D:7)
  3 rats
184 creatures vanquished.

Vanquished Creatures (others)
  An orc wizard (D:5)
1 creature vanquished.

Grand Total: 185 creatures vanquished

Notes
Turn   | Place    | Note
-------+----------+-------------------------------------------
     0 | D:1      | Monsterracer the Kobold Artificer began the quest for the
                  | Orb.
     0 | D:1      | Reached XP level 1. HP: 12/12 MP: 3/3
    45 | D:1      | HP: 4/12 [jackal (3)]
    47 | D:1      | Reached skill level 1 in Unarmed Combat
   330 | D:1      | Reached XP level 2. HP: 11/16 MP: 4/4
   889 | D:1      | Reached skill level 2 in Unarmed Combat
  1008 | D:1      | Reached XP level 3. HP: 16/20 MP: 5/5
  1775 | D:2      | Found an ornate altar of the Wu Jian Council.
  2041 | D:2      | Reached skill level 3 in Unarmed Combat
  2379 | D:3      | Noticed Jessica
  2540 | D:2      | HP: 5/20 [orc/+0 trident (10)]
  2542 | D:2      | Reached XP level 4. HP: 7/25 MP: 6/6
  3385 | D:3      | HP: 12/26 [Jessica/+8 club (3)]
  3441 | D:3      | HP: 2/26 [Jessica/nerve-wracking pain (14)]
  3443 | D:3      | Killed Jessica
  3443 | D:3      | Reached skill level 4 in Unarmed Combat
  3443 | D:3      | Reached XP level 5. HP: 3/30 MP: 7/7
  4074 | D:3      | Found a hide-covered altar of Uskayaw.
  4074 | D:3      | Found a shadowy altar of Dithmenos.
  4169 | D:3      | Became a worshipper of Dithmenos the Shadowed
  4288 | D:4      | Noticed Grinder
  4298 | D:4      | Paralysed by Grinder for 2 turns
  4628 | D:4      | Noticed Sigmund
  4654 | D:4      | HP: 14/31 [Sigmund/+0 scythe (7)]
  4657 | D:4      | Killed Sigmund
  4657 | D:4      | Reached skill level 5 in Unarmed Combat
  4657 | D:4      | Reached XP level 6. HP: 17/37 MP: 8/8
  4911 | D:4      | Reached XP level 7. HP: 35/41 MP: 9/9
  5090 | D:4      | Paralysed by Grinder for 5 turns
  5246 | D:4      | Found an iron altar of Okawaru.
  5293 | D:4      | Noticed Eustachio
  5298 | D:4      | Found a blossoming altar of Fedhas.
  5400 | D:4      | Found Sairchomu's Armour Emporium.
  5601 | D:4      | Killed Eustachio
  5601 | D:4      | Reached skill level 6 in Unarmed Combat
  5631 | D:4      | HP: 18/43 [gnoll/+0 spear (9)]
  6207 | D:4      | Paralysed by something for 7 turns
  6280 | D:4      | Paralysed by Grinder for 4 turns
  6287 | D:4      | Killed Grinder
  6287 | D:4      | Reached XP level 8. HP: 48/48 MP: 10/10
  6438 | D:5      | Entered Level 5 of the Dungeon
  6461 | D:5      | Found a staircase to the Ecumenical Temple.
  6499 | D:5      | HP: 22/48 [scorpion (6)]
  6560 | D:4      | HP: 23/48 [scorpion (7)]
  6638 | D:4      | HP: 21/48 [scorpion (7)]
  6650 | D:4      | HP: 17/48 [scorpion (3)]
  6655 | D:4      | Reached skill level 7 in Unarmed Combat
  7060 | D:5      | HP: 24/48 [ice beast (11)]
  7360 | D:5      | Reached skill level 5 in Fighting
  7791 | D:5      | Noticed Edmund
  7893 | D:5      | HP: 24/49 [Edmund/+3 flail of draining (1)]
  7905 | D:5      | HP: 8/49 [Edmund/+3 flail of draining (6)]
  8662 | D:5      | Found a glowing golden altar of the Shining One.
  8743 | Temple   | Entered the Ecumenical Temple
  8785 | D:5      | HP: 24/49 [orc warrior/+0 mace (9)]
  8789 | D:5      | HP: 11/49 [orc warrior/+0 mace (14)]
  8821 | D:5      | HP: 7/49 [orc warrior/+0 mace (9)]
  9193 | D:5      | HP: 21/49 [orc warrior/+0 mace (9)]
  9222 | D:5      | HP: 2/49 [orc warrior/+0 mace (13)]
  9531 | D:5      | HP: 22/49 [orc warrior/+0 mace (9)]
  9758 | D:5      | HP: 19/49 [orc warrior/+0 mace (18)]
  9967 | D:5      | HP: 22/49 [orc warrior/+0 mace (12)]
 10165 | D:6      | HP: 23/49 [orc wizard/magic dart (6)]
 10404 | D:6      | HP: 22/49 [worker ant (7)]
 10409 | D:6      | HP: 16/49 [poisoned by a worker ant]
 10412 | D:6      | HP: 3/49 [worker ant (5)]
 10417 | D:6      | HP: 11/49 [poisoned by a worker ant]
 10422 | D:6      | HP: 8/49 [poisoned by a worker ant]
 10427 | D:6      | HP: 5/49 [poisoned by a worker ant]
 10432 | D:6      | HP: 4/49 [poisoned by a worker ant]
 10437 | D:6      | HP: 3/49 [poisoned by a worker ant]
 10445 | D:6      | HP: 2/49 [poisoned by a worker ant]
 11147 | D:5      | Paralysed by fainting for 10 turns
 11161 | D:5      | Reached XP level 9. HP: 30/54 MP: 11/11
 11391 | D:6      | Reached skill level 8 in Unarmed Combat
 11490 | D:6      | Found a radiant altar of Vehumet.
 11571 | D:6      | HP: 40/81 [wight/+2 short sword (3)]
 11573 | D:6      | Reached skill level 5 in Dodging
 11811 | D:6      | HP: 25/55 [orc wizard/magic dart (6)]
 12806 | D:7      | Found a flagged portal.
 12828 | D:7      | Reached * piety under Dithmenos
 12961 | Bailey   | Entered a bailey
 13333 | Bailey   | HP: 41/82 [orc warrior/+0 war axe (12)]
 13340 | Bailey   | Reached skill level 5 in Evocations
 13342 | Bailey   | HP: 33/84 [orc warrior/+0 war axe (10)]
 13347 | Bailey   | Reached skill level 9 in Unarmed Combat
 13556 | Bailey   | HP: 41/84 [orc warrior/+0 war axe (7)]
 13558 | Bailey   | HP: 9/84 [orc warrior/+0 war axe (15)]
 13912 | Bailey   | Reached ** piety under Dithmenos
 13933 | Bailey   | Identified a scroll of acquirement
 13934 | Bailey   | Got a transparent cloak
 13945 | Bailey   | Identified the +1 cloak of Polytheism {rF+ Regen+ Str+3
                  | Slay+5} (You acquired it in a bailey)
 13997 | Bailey   | Reached XP level 10. HP: 61/61 MP: 14/14
 14097 | Bailey   | Noticed an orc knight
 14123 | Bailey   | Killed an orc knight
 14171 | Bailey   | Noticed an orc knight
 14203 | Bailey   | Killed an orc knight
 14203 | Bailey   | Reached skill level 10 in Unarmed Combat
 14247 | Bailey   | Noticed an orc knight
 14265 | Bailey   | Killed an orc knight
 14265 | Bailey   | Reached skill level 5 in Stealth
 14277 | Bailey   | Noticed an orc warlord
 14284 | Bailey   | HP: 30/63 [orc warlord/+1 broad axe of chopping (18)]
 14286 | Bailey   | HP: 1/63 [orc warlord/+1 broad axe of chopping (29)]
 14286 | Bailey   | Slain by an orc warlord

Skill      XL: |  1  2  3  4  5  6  7  8  9 10 |
---------------+-------------------------------+-----
Unarmed Combat | 1 2 3 4 5 6 7 9 10 | 10.2
Fighting       | 2 3 4 5 6 7 |  7.4
Dodging        | 3 4 6 7 |  7.2
Stealth        | 3 5 |  5.2
Evocations     | 5 6 |  6.5
Short Blades   | |  1.3
Armour         | |  0.5

Action                   |  1- 3 |  4- 6 |  7- 9 | 10-12 || total
-------------------------+-------+-------+-------+-------++-------
Melee: Short sword       |    88 |       |       |       ||    88
       Unarmed           |    90 |   178 |   598 |    63 ||   929
       Punch             |     1 |     6 |    18 |     6 ||    31
       Dagger            |       |       |     6 |       ||     6
 Abil: Evoke Berserk Rag |       |       |    11 |     3 ||    14
Evoke: Wand              |       |    19 |    25 |       ||    44
  Use: Scroll            |       |     7 |     9 |       ||    16
       Potion            |       |       |     4 |       ||     4
 Stab: Distracted        |       |     1 |       |       ||     1
       Confused          |       |       |     3 |       ||     3
       Betrayed ally     |       |       |     1 |       ||     1
       Sleeping          |       |       |     1 |       ||     1
  Eat: Chunk             |    11 |    10 |    38 |     2 ||    61
       Ration            |       |       |     1 |       ||     1
Armor: Ring mail         |    59 |    42 |   154 |       ||   255
       Leather armour    |     9 |       |       |       ||     9
       Scale mail        |       |       |     2 |     4 ||     6
Dodge: Dodged            |   141 |   105 |   376 |    34 ||   656

Levels and vault maps discovered:
D:1:      dpeg_arrival_shrine, layout_rooms, chequers_serial_rivers_large_a,
          grunt_decor_resistance, minmay_misc_feat_alley
D:2:      layout_loops_ring, lemuel_round_altar
D:3:      layout_loops_ring, minitemple, uniq_jessica
D:4:      layout_cave_pods, old_standard_altar, serial_shops, kennysheep_mini,
          okawaru_metal_pillars_1_2, uniq_grinder, uniq_sigmund, uniq_eustachio
D:5:      layout_loops_cross, temple_fountains, first_ration,
          hangedman_decor_clover_reticule, hangedman_decor_slide_cut,
          nicolae_tso_swordbearing_angel, uniq_edmund
D:6:      layout_basic, basic_altar
D:7:      minmay_skewed_foursquare, layout_loops_ring, bloody_trog,
          enter_bailey_2, grunt_livestock, roderic_serpentine_path,
          uniq_crazy_yiuf_cottage
Temple:   eino_temple_scatter_basement
Bailey:   bailey_axe_minmay_hex_keep, bailey
